 Dungeon Crawl Stone Soup version 0.29.0-4-gdea44cf6ec (webtiles) character file.

Game seed: 17219334491884166048

351 qw the Chopper (level 6, -2/39 HPs)
             Began as a Gargoyle Fighter on Sept 9, 2022.
             Killed from afar by Grinder (16 damage)
             ... with a bolt of dispelling energy
             ... on level 4 of the Dungeon.
             The game lasted 00:01:31 (4156 turns).

qw the Chopper (Gargoyle Fighter)                   Turns: 4156, Time: 00:01:32

Health: -2/39      AC: 14    Str: 21    XL:     6   Next: 61%
Magic:  6/6        EV: 11    Int:  9    God:
Gold:   267        SH:  4    Dex:  9    Spells: 5/5 levels left

rFire   . . .      SeeInvis .   Y - +0 war axe
rCold   . . .      Faith    .   c - +0 buckler
rNeg    + . .      Spirit   .   e - +0 chain mail
rPois   inf        Reflect  .   (no helmet)
rElec   +          Harm     .   (no cloak)
rCorr   .          Rampage  .   g - +0 pair of gloves
Will    .....                   (no boots)
Stlth   ..........              (no amulet)
HPRegen 0.13/turn               m - +4 ring of evasion
MPRegen 0.10/turn               (no ring)

@: no status effects
A: sickness immunity, AC +4, negative energy resistance 1, electricity
resistance, torment resistance 1, petrification resistance
a: no special abilities


You were on level 4 of the Dungeon.
You visited 1 branch of the dungeon, and saw 4 of its levels.

You collected 267 gold pieces.


Innate Abilities, Weirdness & Mutations

You are immune to sickness and miasma.
Your stone body is resilient. (AC +4)
You are immune to poison.
You resist negative energy. (rN+)
You are resistant to electric shocks. (rElec)
You are resistant to unholy torment.
You are immune to petrification.


   Skills:
 - Level 4.4 Fighting
 + Level 5.7 Axes
 - Level 3.2 Armour
 - Level 3.2 Shields


You had 5 spell levels left.
You didn't know any spells.
Your spell library was empty.

Inventory:

Hand Weapons
 n - a +3 flail
 Y - a +0 war axe (weapon)
Missiles
 f - 8 boomerangs (quivered)
Armour
 c - a +0 buckler (worn)
 e - a +0 chain mail (worn)
 g - a +0 pair of gloves (worn)
 p - a +0 helmet
Jewellery
 b - an amulet of faith
 m - a +4 ring of evasion (left hand)
Scrolls
 i - 3 scrolls of vulnerability {unknown}
 k - a scroll of identify
 o - a scroll of teleportation
Potions
 a - a potion of haste {unknown}
 d - a potion of might
 h - a potion of curing {unknown}
 j - a potion of berserk rage {unknown}
 l - 2 potions of heal wounds {unknown}

Dungeon Overview and Level Annotations

Branches:
Dungeon (4/15)
 Temple: D:4-7

Altars:
Yredelemnul

Annotations:
D:3 3 runed translucent doors, qw's ghost, amateur DsCA; qw's ghost, amateur GrFi; qw's ghost, amateur MiBe; qw's ghost, weakling GrFi
D:4 Grinder


Message History

Things that are here:
a +0 dagger of venom; a +0 leather armour
There is an open door, spattered with blood here.
Things that are here:
a +2 dagger of venom; a +0 chain mail You now have 267 gold pieces (gained 12).
There is a stone staircase leading up here.
There is an open door here.
There is an open door, spattered with blood here.
Things that are here:
a +2 dagger of venom; a +0 chain mail Grinder is nearby!
Grinder shouts!
Grinder gestures at you. Pain shoots through your body!
Enter note: You block Grinder's attack.
You slash Grinder!
Grinder is moderately wounded.
Grinder zaps a wand.
The bolt of dispelling energy hits you. Grinder gestures at you.
Pain shoots through your body!
You closely miss Grinder.
Grinder is moderately wounded.
Grinder blinks!
Grinder gestures at you.
You suddenly lose the ability to move!
Grinder gestures at you. Pain shoots through your body!
Grinder gestures at you.
You barely resist.
You can move again.
You closely miss Grinder.
Grinder is moderately wounded.
Grinder says, "Don't move a muscle."
Grinder zaps a wand.
The bolt of dispelling energy hits you.
You hit Grinder.
Grinder is heavily wounded.
Grinder zaps a wand.
The bolt of dispelling energy hits you!
You die...

>..######'#######..##....#.....#
...##..##.......5...#....#.....#
...................##...##.....#
.......##...###....##...##.....#
...###+###'##########...#......#
...##..##....>..........##....###
...##...#...............##....##.
..).#...'........................
........#.......@.........<......
...#...##...####5..##...#.....##.
####...##...####...######.######.
##..##..<...#....# ##....##.
#...........'....# #.....#..
#(..........#....# #.....#..
#...##..######..## ##....###
#...##..# #### ##....###
##..##..# #....)...


You could see Grinder.

Vanquished Creatures
  A necrophage (D:3)
  A scorpion (D:4)
  An orc priest (D:4)
  A hound (D:4)
  Ijyb (D:4)
  An orc wizard (D:1)
  2 adders
  A white imp (D:4)
  4 worms
  2 dart slugs
  12 orcs
  9 endoplasms
  3 giant cockroaches
  5 hobgoblins
  2 quokkas
  6 ball pythons
  3 bats
  A frilled lizard (D:3)
  5 goblins
  7 kobolds
  6 rats
  A spectral kobold (D:1)
75 creatures vanquished.

Vanquished Creatures (others)
  2 withered plants (D:3)
2 creatures vanquished.

Grand Total: 77 creatures vanquished

Notes
Turn   | Place    | Note
-------+----------+-------------------------------------------
     0 | D:1      | qw the Gargoyle Fighter began the quest for the Orb.
     0 | D:1      | Reached XP level 1. HP: 14/14 MP: 1/1
     0 | D:1      | 0 ||| qw: Version: 0.1-a-113-g051387a
     0 | D:1      | 0 ||| qw: Game counter: 7284
     0 | D:1      | 0 ||| qw: Always use a shield: true
     0 | D:1      | 0 ||| qw: God list: Okawaru
     0 | D:1      | 0 ||| qw: Allow faded altars: false
     0 | D:1      | 0 ||| qw: Do Orc after D:15 true
     0 | D:1      | 0 ||| qw: Do second Lair branch before Depths: true
     0 | D:1      | 0 ||| qw: Lair rune preference: random
     0 | D:1      | 0 ||| qw: Plans: Normal, Zot, God:TSO, Crypt, Tomb, Zig,
                  | Orb
     0 | D:1      | 0 ||| PLANNING D:1-11
    36 | D:1      | Reached skill level 2 in Axes
   155 | D:1      | Found a faded altar of an unknown god.
   164 | D:1      | Reached XP level 2. HP: 19/19 MP: 2/2
   311 | D:1      | 311 ||| DROPPING +0 club.
   644 | D:1      | Reached skill level 3 in Axes
   742 | D:1      | Reached XP level 3. HP: 23/23 MP: 3/3
   908 | D:1      | 908 ||| UPGRADING to +0 pair of gloves.
   913 | D:1      | 913 ||| READING scroll labelled ELUSIEGUDDE.
   914 | D:1      | 914 ||| READING scroll labelled KOZOEGGADUNG.
   918 | D:1      | 918 ||| READING scroll labelled ALIVVU IFUASO.
   948 | D:2      | 948 ||| STAIRDANCE
  1081 | D:1      | 1081 ||| DROPPING +0 whip.
  1084 | D:1      | 1084 ||| UPGRADING to +0 chain mail.
  1094 | D:1      | 1094 ||| DROPPING +0 scale mail.
  1099 | D:2      | 1099 ||| STAIRDANCE
  1193 | D:2      | Reached XP level 4. HP: 28/28 MP: 4/4
  1395 | D:2      | Reached skill level 4 in Axes
  1848 | D:2      | 1848 ||| READING scroll labelled EMNIGUUSEBB.
  1883 | D:3      | Identified the +0 ring mail of Ochom {Slay+2}
  2141 | D:3      | 2141 ||| DROPPING +0 flail.
  2164 | D:3      | 2164 ||| Stepping ~*~*~tactically~*~*~ (stealth).
  2424 | D:3      | Found a runed translucent gate.
  2424 | D:3      | Found a runed translucent gate.
  2424 | D:3      | Found a runed translucent gate.
  2425 | D:3      | Noticed qw's ghost (amateur DsCA)
  2425 | D:3      | Noticed qw's ghost (amateur MiBe)
  2426 | D:3      | Noticed qw's ghost (amateur GrFi)
  2426 | D:3      | Noticed qw's ghost (weakling GrFi)
  2438 | D:3      | Reached XP level 5. HP: 28/32 MP: 5/5
  2484 | D:3      | 2484 ||| Stepping ~*~*~tactically~*~*~ (stealth).
  2665 | D:3      | Reached skill level 5 in Axes
  2797 | D:3      | 2797 ||| DROPPING +0 ring mail of Ochom {Slay+2}.
  2798 | D:3      | 2798 ||| DROPPING ring of flight.
  2799 | D:3      | 2799 ||| UPGRADING to +4 ring of evasion.
  2800 | D:3      | 2800 ||| READING 2 scrolls labelled ECITHEBL GOEXOUNU.
  2801 | D:3      | 2801 ||| READING 2 scrolls labelled JEZUCI CYNEOT.
  2802 | D:3      | 2802 ||| READING scroll labelled XOILOIWOACS.
  2803 | D:3      | 2803 ||| READING scroll labelled GAIMAO NIFENE.
  2804 | D:3      | 2804 ||| DROPPING scroll of noise.
  3091 | D:4      | Reached XP level 6. HP: 35/39 MP: 6/6
  3238 | D:4      | Noticed Grinder
  3248 | D:4      | HP: 4/39 [Grinder/bolt of dispelling energy (11)]
  3249 | D:4      | 3249 ||| READING 2 scrolls of teleportation.
  3560 | D:4      | 3560 ||| Stepping ~*~*~tactically~*~*~ (stealth).
  3567 | D:4      | 3567 ||| Stepping ~*~*~tactically~*~*~ (hiding).
  3569 | D:4      | 3569 ||| Stepping ~*~*~tactically~*~*~ (hiding).
  3642 | D:4      | Noticed Ijyb
  3643 | D:4      | 3643 ||| Stepping ~*~*~tactically~*~*~ (stealth).
  3648 | D:4      | Paralysed by Ijyb for 4 turns
  3662 | D:4      | Killed Ijyb
  3663 | D:4      | 3663 ||| Stepping ~*~*~tactically~*~*~ (stealth).
  3668 | D:4      | 3668 ||| Stepping ~*~*~tactically~*~*~ (stealth).
  3671 | D:4      | Paralysed by Grinder for 5 turns
  3674 | D:4      | HP: 9/39 [Grinder/bolt of dispelling energy (16)]
  3675 | D:4      | 3675 ||| READING scroll of teleportation.
  3676 | D:4      | HP: 2/39 [Grinder (7)]
  3969 | D:4      | Found a basalt altar of Yredelemnul.
  4150 | D:4      | Paralysed by Grinder for 4 turns
  4156 | D:4      | Killed from afar by Grinder

Levels and vault maps discovered:
D:1:      dpeg_arrival_central, layout_loops_ring,
          dreamdust_ecumenical_altar_drowned_temple, kennysheep_flooded_box,
          minmay_misc_feat_rugged, minmay_pentomino_r4
D:2:      cheibrodos_helix_gallery, layout_loops_ring,
          corexii_item_surrounded_by_moat, amcnicky_mini_pool_small
D:3:      layout_basic, gammafunk_ghost_cemetery
D:4:      layout_gridville, lemuel_coloured_pillars_altar, uniq_ijyb,
          uniq_grinder

Skill      XL: |  1  2  3  4  5 |
---------------+----------------+-----
Axes           | 2 3 4 5 |  5.7
Fighting       | 4 |  4.4
Armour         | |  3.2
Shields        | |  3.2

Action                   |  1- 3 |  4- 6 || total
-------------------------+-------+-------++-------
Melee: War axe           |    78 |   158 ||   236
Throw: Boomerang         |     4 |    36 ||    40
  Use: Scroll            |     3 |     7 ||    10
Armor: Scale mail        |    37 |       ||    37
       Chain mail        |     1 |    80 ||    81
Dodge: Dodged            |    23 |    56 ||    79
Block: Buckler           |    16 |    29 ||    45

Table legend:
 A = Non-vault XP
 B = Vault XP
 C = Vault XP percentage of total XP
 D = Non-vault monster count
 E = Vault monster count
 F = Vault count percentage of total count
                 A         B        C        D         E       F
            +---------+---------+-------+---------+---------+-------
      Total |     459 |      43 |   8.6 |      68 |       7 |   9.3
            +---------+---------+-------+---------+---------+-------
        D:1 |      72 |       5 |   6.5 |      22 |       4 |  15.4
        D:2 |      28 |       2 |   6.7 |       7 |       2 |  22.2
        D:3 |     159 |       0 |   0.0 |      26 |       0 |   0.0
        D:4 |     200 |      36 |  15.3 |      13 |       1 |   7.1
            +---------+---------+-------+---------+---------+-------
